 Dungeon Crawl Stone Soup version 0.23.2-1-ga50397a (webtiles) character file.

Game seed: 17203301585538598643

24674 whitewolfNL the Basher (level 12, -2/115 HPs)
             Began as a Minotaur Berserker on May 25, 2019.
             Was an Elder of Trog.
             Shot with an arrow by a centaur warrior (9 damage)
             ... on level 14 of the Dungeon.
             The game lasted 01:01:15 (14771 turns).

whitewolfNL the Basher (Minotaur Berserker)        Turns: 14771, Time: 01:01:16

Health: -2/115     AC: 12    Str: 21    XL:     12   Next: 82%
Magic:  15/15      EV: 17    Int:  4    God:    Trog [****..]
Gold:   910        SH:  0    Dex: 16    Spells: 11/11 levels left

rFire    + . .     SeeInvis .   G - +3 morningstar
rCold    . . .     Gourm    .   (no shield)
rNeg     . . .     Faith    .   y - +0 ring mail (curse)
rPois    .         Spirit   .   B - +2 hat
rElec    .         Reflect  .   (no cloak)
rCorr    +         Harm     .   X - +0 pair of gloves
MR       .....     Rnd*Rage +   E - +0 pair of boots
Stlth    +.........             (no amulet)
HPRegen  0.29/turn              H - ring of protection from fire
MPRegen  0.14/turn              s - ring of resist corrosion

@: berserk cooldown, very slightly contaminated, slowed, very slow
A: retaliatory headbutt, horns 2, talons 2, berserk 1, screaming 1
a: Berserk, Trog's Hand, Brothers in Arms, Renounce Religion


You were on level 14 of the Dungeon.
You worshipped Trog.
Trog was greatly pleased with you.
You were near starving.

You visited 1 branch of the dungeon, and saw 14 of its levels.
You visited 1 bazaar.

You collected 910 gold pieces.

Inventory:

Hand Weapons
 q - a +1 shortbow of flaming
 G - a +3 morningstar (weapon)
Missiles
 d - 443 arrows
 f - 4 needles of confusion
 h - 674 stones
 i - 55 bolts
 m - 3 tomahawks of dispersal
 u - 33 sling bullets
 C - 8 javelins (quivered)
 F - 4 throwing nets
 J - 5 poisoned tomahawks
 S - 8 tomahawks
Armour
 y - a cursed +0 ring mail (worn)
 B - a +2 hat (worn)
 E - a +0 pair of boots (worn)
 I - a +1 scale mail of fire resistance
 X - a +0 pair of gloves (worn)
 Y - a +0 plate armour
Jewellery
 a - an uncursed ring of stealth
 l - an uncursed ring of protection from cold
 s - a ring of resist corrosion (right hand)
 H - a ring of protection from fire (left hand)
Wands
 o - a wand of digging (8)
 O - a wand of iceblast (31)
 Q - a wand of acid (19)
 T - a wand of flame (26)
 Z - a wand of random effects (9)
Scrolls
 e - a scroll of fear {unknown}
 g - 3 scrolls of amnesia {unknown}
 j - 6 scrolls of blinking
 k - 7 scrolls of teleportation
 r - 4 scrolls of magic mapping
 t - 6 scrolls of remove curse
 v - a scroll of random uselessness {unknown}
 x - 2 scrolls of enchant weapon {unknown}
 K - a scroll of brand weapon {unknown}
 L - 2 scrolls of enchant armour {unknown}
 M - 9 scrolls of identify
 P - a scroll of torment {unknown}
 V - 3 scrolls of immolation {unknown}
 W - a scroll of noise {unknown}
Potions
 b - 2 potions of might
 n - 2 potions of cancellation
 p - 3 potions of berserk rage {unknown}
 z - 3 potions of haste
 A - a potion of heal wounds
 D - a potion of ambrosia {unknown}
 N - 2 potions of lignification {unknown}
 R - 2 potions of curing
 U - 2 potions of resistance {unknown}
Comestibles
 c - 21 rations


   Skills:
 * Level 13.4 Fighting
 * Level 13.4 Maces & Flails
 + Level 7.8 Throwing
 + Level 9.8 Armour
 + Level 9.0 Dodging
 - Level 6.1 Evocations


You had 11 spell levels left.
You didn't know any spells.
Your spell library was empty.

Dungeon Overview and Level Annotations

Branches:
Dungeon (14/15) Temple (0/1) D:5 Lair (0/6) D:10 Orc (0/2) D:9 Vaults (0/5) D:13 D:14

Altars:
Ru
Wu Jian
Beogh

Shops:
D:11 [==[%   D:12 [   D:14 %[

Portals:
Trove: D:11 (give +2 storm dragon scales)

Annotations:
D:9 ORCISH MINES
D:10 LAIR STAIRS
D:11 +2 storm dragon scales needed
D:14 shops at fountain, Nessos, Rupert


Innate Abilities, Weirdness & Mutations

You reflexively headbutt those who attack you in melee.
You have a pair of horns on your head.
You have razor-sharp toenails.
You tend to lose your temper in combat.
You occasionally shout uncontrollably at your foes.


Message History

Blink to where?
Press: ? - help, Dir - move target cursor You are very lightly contaminated with residual magic.
As you read the scroll of blinking, it crumbles to dust.
The centaur wields a +0 shortbow.
The centaur shoots an arrow.
The arrow hits you but does no damage.
You see here an arrow.
The centaur warrior wields a +0 shortbow.
The centaur warrior shoots an arrow.
The arrow hits you!
* * * LOW HITPOINT WARNING * * *
The centaur warrior shoots an arrow.
The arrow hits you!
* * * LOW HITPOINT WARNING * * *
You see here 2 arrows.
Blink to where?
Press: ? - help, Dir - move target cursor
As you read the scroll of blinking, it crumbles to dust.
The centaur warrior shoots an arrow.
The arrow hits you!
* * * LOW HITPOINT WARNING * * *
The centaur warrior shoots an arrow.
The arrow hits you!
You die...

#.##.##.#...........# #..###
##.##..#.##..|).)....# #..#
#.###..##.#<..)##.)..# #..#
#.# #...#.#....##...)####..#
#.###..........##.#)#.......
#..............##..∩........
#####..........##.#.#.......
. #..........##...########
#....##..@.##...#
......##....##...########
.......##.................
####...##......§............
#...##.......(...........
#....###............ #....#
#...#######.. #....#
#.cc#######..
#....###......(.....


You could see a centaur warrior and a centaur.

Vanquished Creatures
  A hydra (D:13)
  A two-headed ogre (D:9)
  Urug (D:14)
  A deep elf mage (D:12)
  A wolf spider (D:13)
  2 ugly things (D:11)
  3 cyclopes
  3 manticores
  A freezing wraith (D:14)
  6 trolls
  2 slime creatures (D:12)
  7 hippogriffs
  Sigmund (D:2)
  3 shadows
  Eustachio (D:5)
  A wraith (D:11)
  9 yaks
  3 wyverns
  7 humans
  3 vampire mosquitoes (D:14)
  Menkaure (D:7)
  A hungry ghost (D:9)
  2 soldier ants
  Duvessa (D:7)
  3 water moccasins
  2 porcupines (D:10)
  6 ice beasts
  6 orc warriors
  6 sky beasts
  6 black bears
  A phantom (D:5)
  A necrophage (D:11)
  9 ogres
  5 crocodiles
  20 centaurs
  2 big kobolds
  9 bullfrogs
  Dowan (D:7)
  A wyvern skeleton (D:7)
  3 scorpions
  16 wights
  27 killer bees
  6 howler monkeys
  6 crimson imps
  3 centaur zombies
  3 bullfrog zombies
  5 hounds
  5 jellies
  A gnoll shaman (D:4)
  10 orc priests
  4 centaur skeletons
  An iguana (D:9)
  4 orc wizards
  10 worker ants
  A killer bee zombie (D:7)
  A hound zombie (D:6)
  A howler monkey zombie (D:8)
  10 adders
  A howler monkey skeleton (D:5)
  7 gnolls
  8 shadow imps
  An adder zombie (D:5)
  2 worms
  4 dart slugs
  10 leopard geckos
  32 orcs
  3 ball pythons
  7 giant cockroaches
  9 goblins
  5 hobgoblins
  7 jackals
  9 quokkas
  9 bats
  4 frilled lizards
  17 kobolds
  A leopard gecko skeleton (D:5)
  A leopard gecko zombie (D:6)
  A quokka skeleton (D:9)
  9 rats
  2 butterflies (D:5)
406 creatures vanquished.

Vanquished Creatures (others)
  4 fungi (D:10)
4 creatures vanquished.

Grand Total: 410 creatures vanquished

Notes
Turn   | Place    | Note
-------+----------+-------------------------------------------
     0 | D:1      | whitewolfNL the Minotaur Berserker began the quest for the
                  | Orb.
     0 | D:1      | Reached XP level 1. HP: 19/19 MP: 0/0
   119 | D:1      | Reached XP level 2. HP: 25/27 MP: 1/1
   637 | D:1      | Reached ** piety under Trog
   637 | D:1      | Reached XP level 3. HP: 29/33 MP: 2/2
  1003 | D:2      | Noticed Sigmund
  1012 | D:2      | Killed Sigmund
  1012 | D:2      | Reached skill level 5 in Fighting
  1012 | D:2      | Reached skill level 5 in Maces & Flails
  1012 | D:2      | Reached skill level 1 in Throwing
  1012 | D:2      | Reached XP level 4. HP: 29/42 MP: 3/3
  1012 | D:2      | Reached XP level 5. HP: 33/48 MP: 4/4
  2152 | D:3      | Reached XP level 6. HP: 56/56 MP: 5/5
  2167 | D:3      | Reached *** piety under Trog
  2167 | D:3      | Reached skill level 1 in Evocations
  2295 | D:3      | Found an ornate altar of the Wu Jian Council.
  2698 | D:4      | Gained mutation: You have sharp toenails. [potion of
                  | mutation]
  2698 | D:4      | Gained mutation: You tend to lose your temper in combat.
                  | [potion of mutation]
  2698 | D:4      | Gained mutation: You occasionally shout uncontrollably at
                  | your foes. [potion of mutation]
  2698 | D:4      | Gained mutation: You have razor-sharp toenails. [potion of
                  | mutation]
  2699 | D:4      | HP: 1/56 [worker ant (3)]
  3209 | D:5      | Entered Level 5 of the Dungeon
  3333 | D:5      | Noticed an ice beast
  3339 | D:5      | Killed an ice beast
  3339 | D:5      | Reached XP level 7. HP: 62/62 MP: 7/7
  3344 | D:5      | Noticed Eustachio
  3930 | D:6      | Reached XP level 8. HP: 40/71 MP: 9/9
  4089 | D:5      | Found a staircase to the Ecumenical Temple.
  4411 | D:5      | Killed Eustachio
  4686 | D:5      | You fall through a shaft!
  5184 | D:6      | Reached skill level 5 in Armour
  5492 | D:7      | Noticed Duvessa
  5493 | D:7      | Noticed Dowan
  5504 | D:7      | Killed Duvessa
  5507 | D:7      | Killed Dowan
  5547 | D:7      | Reached XP level 9. HP: 71/80 MP: 11/11
  5673 | D:7      | Noticed Menkaure
  5680 | D:7      | Killed Menkaure
  5680 | D:7      | Reached **** piety under Trog
  5729 | D:7      | Reached skill level 5 in Dodging
  5762 | D:7      | Received a gift from Trog
  6401 | D:8      | Reached skill level 5 in Evocations
  6676 | D:9      | Received a gift from Trog
  6809 | D:9      | Noticed a troll
  6813 | D:9      | Noticed a troll
  6815 | D:9      | Killed a troll
  6815 | D:9      | Reached ***** piety under Trog
  6815 | D:9      | Reached XP level 10. HP: 74/91 MP: 13/13
  6891 | D:9      | Found a staircase to the Orcish Mines.
  6937 | D:9      | Found a roughly hewn altar of Beogh.
  6979 | D:9      | Noticed a two-headed ogre
  6985 | D:9      | Killed a two-headed ogre
  6985 | D:9      | Reached skill level 5 in Throwing
  7445 | D:9      | Received a gift from Trog
  7933 | D:10     | Entered Level 10 of the Dungeon
  7943 | D:10     | Reached skill level 10 in Maces & Flails
  7944 | D:10     | Reached skill level 10 in Fighting
  8531 | D:10     | Reached XP level 11. HP: 101/101 MP: 14/14
  8536 | D:10     | Found a staircase to the Lair.
  8985 | D:10     | Found a sacrificial altar of Ru.
  9802 | D:11     | Found Xesifer's Antique Armour Boutique.
  9881 | D:11     | Found a portal to a secret trove of treasure.
 10085 | D:11     | Found Dauv's Armour Shop.
 10142 | D:11     | Noticed a green ugly thing
 10142 | D:11     | Noticed a white ugly thing
 10157 | D:11     | Killed a green ugly thing
 10169 | D:11     | Killed a green ugly thing
 10506 | D:11     | Found Gunossiy's Jewellery Shop.
 10558 | D:11     | Received a gift from Trog
 10623 | D:11     | Found Zinuasab's Jewellery Shoppe.
 11192 | D:11     | Found Obeff's Food Boutique.
 11377 | D:12     | Found Deumn's Antique Armour Boutique.
 11602 | D:12     | Noticed a deep elf mage
 11609 | D:12     | Killed a deep elf mage
 11618 | D:12     | Reached XP level 12. HP: 66/112 MP: 15/15
 12346 | D:13     | Noticed a seven-headed hydra
 12355 | D:13     | Killed a seven-headed hydra
 13262 | D:14     | Found a gate to the Vaults.
 13262 | D:14     | Noticed Rupert
 13262 | D:14     | Noticed Nessos
 13262 | D:14     | Noticed Urug
 14301 | D:14     | Found Hianaddi's Antique Armour Emporium.
 14344 | D:14     | Found a gateway to a bazaar.
 14351 | Bazaar   | Entered a bazaar
 14360 | Bazaar   | Found Mihelaep's Antique Weapon Emporium.
 14371 | Bazaar   | Found Sukew's Antique Weapon Shoppe.
 14390 | Bazaar   | Found Hetazxiri's Antique Armour Emporium.
 14401 | Bazaar   | Found Raug Jiq's Antique Armour Shoppe.
 14440 | D:14     | Found Zicroup's Food Shoppe.
 14450 | D:14     | Identified the +3 glaive "Natiala" {protect, rF+ Int+5}
 14475 | D:14     | Killed Urug
 14739 | D:14     | Noticed a centaur warrior
 14771 | D:14     | Shot with an arrow by a centaur warrior

Skill      XL: |  1  2  3  4  5  6  7  8  9 10 11 12 |
---------------+-------------------------------------+-----
Fighting       | 4 5 6 7 9 10 12 13 | 13.4
Maces & Flails | 4 5 6 7 9 10 12 13 | 13.4
Throwing       | 1 2 3 4 5 6 7 |  7.8
Armour         | 3 4 5 6 7 8 9 |  9.8
Dodging        | 3 4 5 6 8 9 |  9.0
Evocations     | 2 3 4 5 6 |  6.1

Action                   |  1- 3 |  4- 6 |  7- 9 | 10-12 || total
-------------------------+-------+-------+-------+-------++-------
Melee: Mace              |    60 |   116 |   159 |       ||   335
       Headbutt          |    12 |    15 |    50 |   135 ||   212
       Kick              |       |     1 |    13 |       ||    14
       Morningstar       |       |       |   136 |   560 ||   696
Throw: Tomahawk          |       |       |       |    20 ||    20
       Javelin           |       |       |       |     5 ||     5
       Stone             |       |       |       |     4 ||     4
Invok: Berserk           |     2 |     2 |     9 |    25 ||    38
Evoke: Wand              |       |       |       |     3 ||     3
  Use: Potion            |       |     6 |       |     2 ||     8
       Scroll            |       |     3 |     1 |     5 ||     9
 Stab: Sleeping          |       |     1 |       |       ||     1
       Distracted        |       |       |       |     1 ||     1
  Eat: Chunk             |     1 |    11 |    12 |    35 ||    59
       Ration            |       |       |     2 |     4 ||     6
Armor: Animal skin       |    12 |     7 |       |       ||    19
       Chain mail        |       |    61 |       |       ||    61
       Ring mail         |       |     3 |   134 |   182 ||   319
Dodge: Dodged            |    46 |   101 |   230 |   508 ||   885
